 Dungeon Crawl Stone Soup version 0.31.0-11-ge490571c62 (webtiles) character file.

Game seed: 6815841992849484507

342 qw the Skirmisher (level 6, -2/35 HPs)
             Began as a Deep Elf Hunter on Feb 4, 2024.
             Was a Follower of Okawaru.
             Killed by divine providence
             ... invoked by an orc priest
              (12 damage)
             ... on level 4 of the Dungeon.
             The game lasted 00:00:12 (2541 turns).

qw the Skirmisher (Deep Elf Hunter)                 Turns: 2541, Time: 00:00:12

Health: -2/35      AC:  6    Str: 10    XL:     6   Next: 30%
Magic:  8/8        EV: 11    Int: 14    God:    Okawaru [*.....]
Gold:   186        SH:  0    Dex: 18    Spells: 5/5 levels left

rFire   . . .        a - +0 shortbow
rCold   . . .        (shield currently unavailable)
rNeg    . . .        g - +0 ring mail
rPois   .            f - +0 helmet
rElec   .            (no cloak)
rCorr   .            (no gloves)
SInv    .            (no boots)
Will    .....        (no amulet)
Stlth   +            (no ring)
HPRegen 0.25/turn    (no ring)
MPRegen 0.11/turn

%: no passive effects
@: no status effects
A: no striking features
a: Renounce Religion, Heroism


You were on level 4 of the Dungeon.
You worshipped Okawaru.
Okawaru was aware of your devotion.
You visited 1 branch of the dungeon, and saw 4 of its levels.

You collected 186 gold pieces.


   Skills:
 - Level 2.1 Fighting
 + Level 9.8 Ranged Weapons
 - Level 2.4 Dodging
 - Level 1.2 Stealth
 + Level 0.0 Invocations


You had 5 spell levels left.
You didn't know any spells.
Your spell library was empty.

Inventory:

Hand Weapons
 a - a +0 shortbow (weapon)
Armour
 f - a +0 helmet (worn)
 g - a +0 ring mail (worn)
Jewellery
 e - a ring of protection from fire
Wands
 h - a wand of flame (7)
Scrolls
 b - a scroll of enchant armour {unknown}
Potions
 c - a potion of mutation {unknown}
 d - a potion of attraction {unknown}
 k - a potion of resistance
 l - a potion of might

Dungeon Overview and Level Annotations

Branches:
Dungeon (4/15)
 Temple: D:4-7

Altars:
Okawaru
Ru
Uskayaw
The Shining One


Message History

The phantom is severely damaged.
The phantom closely misses you.
You shoot an arrow. The arrow closely misses the phantom.
The phantom closely misses you. The ball python barely misses you.
The ball python closely misses you.
You shoot an arrow.
The arrow completely misses the phantom.
The phantom closely misses you.
The ball python bites you but does no damage.
The ball python closely misses you.
You shoot an arrow. The arrow hits the phantom.
The phantom is severely damaged.
The ball python bites you but does no damage.
The ball python grabs you. The ball python constricts you.
The phantom hits you but does no damage.
The ball python closely misses you. The ball python constricts you.
You shoot an arrow.
The arrow closely misses the ball python.
You hear the rusting of a very distant drain.
An orc comes into view. It is wielding a +0 whip.
The phantom hits you but does no damage.
The ball python bites you but does no damage.
The ball python constricts you. The phantom barely misses you.
You shoot an arrow. The orc shouts!
The arrow hits the ball python.
The ball python is severely wounded.
The ball python bites you but does no damage.
The ball python constricts you. The phantom closely misses you.
You shoot an arrow.
The arrow closely misses the ball python.
The ball python bites you. The ball python constricts you.
The orc priest begins to cast a cantrip, but forgets the words!
The phantom hits you but does no damage.
You shoot an arrow. The arrow hits the ball python!
You kill the ball python!
Okawaru accepts your kill.
The orc priest calls down the wrath of Beogh upon you.
Beogh smites you!
You die...

.........##.##..#
#....##.##..#
##...##.. <.
......... ..
#.###.####.. .
#...........
.....###.#####.
##. #.# #@#


#.Wooooo. #######.. You could see a phantom, 2 orc priests and 3 orcs.

Vanquished Creatures
  2 scorpions (D:4)
  A bombardier beetle (D:4)
  An orc wizard (D:3)
  Robin (D:3)
  5 adders
  3 gnolls
  3 dart slugs
  4 orcs (D:3)
  3 bats
  2 endoplasms
  4 giant cockroaches
  9 hobgoblins
  5 jackals
  3 kobolds
  7 quokkas
  6 ball pythons
  4 frilled lizards
  14 goblins
  4 rats
81 creatures vanquished.

Vanquished Creatures (others)
  A gnoll (D:4)
1 creature vanquished.

Grand Total: 82 creatures vanquished

Notes
Turn   | Place    | Note
-------+----------+-------------------------------------------
     0 | D:1      | qw the Deep Elf Hunter began the quest for the Orb.
     0 | D:1      | Reached XP level 1. HP: 12/12 MP: 3/3
     0 | D:1      | 0 ||| qw: Version: 0.3-a-160-g6735b56
     0 | D:1      | 0 ||| qw: Game counter: 5355
     0 | D:1      | 0 ||| qw: Melee chars always use a shield: true
     0 | D:1      | 0 ||| qw: God list: Okawaru
     0 | D:1      | 0 ||| qw: Allow faded altars: false
     0 | D:1      | 0 ||| qw: Do Orc after clearing Dungeon:15 true
     0 | D:1      | 0 ||| qw: Do second Lair branch before Depths: true
     0 | D:1      | 0 ||| qw: Lair rune preference: random
     0 | D:1      | 0 ||| qw: Goals: Normal
     0 | D:1      | 0 ||| PLANNING D:1-11
    61 | D:1      | Reached XP level 2. HP: 14/16 MP: 4/4
   127 | D:1      | Reached skill level 6 in Ranged Weapons
   597 | D:1      | 597 ||| UPGRADING to +0 ring mail.
   607 | D:1      | 607 ||| DROPPING +0 leather armour.
   608 | D:1      | 608 ||| DROPPING ring of flight.
   609 | D:1      | 609 ||| READING 4 scrolls labelled FOEZENNUIMN.
   609 | D:1      | 609 ||| IDENTIFYING orange potion
   610 | D:1      | 610 ||| READING 3 scrolls of identify.
   610 | D:1      | 610 ||| IDENTIFYING green potion
   611 | D:1      | 611 ||| READING 2 scrolls of identify.
   611 | D:1      | 611 ||| IDENTIFYING fuming cyan potion
   612 | D:1      | 612 ||| READING scroll of identify.
   612 | D:1      | 612 ||| IDENTIFYING cyan potion
   613 | D:1      | 613 ||| READING scroll labelled ZAWNEHE KIUC.
   614 | D:1      | 614 ||| READING scroll labelled EHUBIXZ IZ JYT.
   617 | D:1      | 617 ||| DRINKING 2 black potions.
   618 | D:1      | 618 ||| DROPPING scroll of butterflies.
   619 | D:1      | 619 ||| DROPPING potion of degeneration.
   620 | D:1      | 620 ||| DROPPING potion of brilliance.
   629 | D:2      | 629 ||| STAIRDANCE
   636 | D:1      | Reached XP level 3. HP: 15/20 MP: 5/5
   657 | D:2      | 657 ||| STAIRDANCE
   661 | D:1      | HP: 3/20 [gnoll/+0 club (3)]
   662 | D:1      | 662 ||| DRINKING potion of heal wounds.
   667 | D:1      | HP: 5/20 [gnoll/+0 club (5)]
   669 | D:1      | Reached skill level 7 in Ranged Weapons
   733 | D:2      | 733 ||| STAIRDANCE
   738 | D:2      | 738 ||| STAIRDANCE
   760 | D:2      | 760 ||| STAIRDANCE
   768 | D:2      | 768 ||| STAIRDANCE
   805 | D:2      | 805 ||| STAIRDANCE
   810 | D:1      | Reached XP level 4. HP: 25/25 MP: 6/6
   870 | D:2      | Identified the +11 long sword of Dissent {venom, SInv}
   989 | D:2      | Found a sacrificial altar of Ru.
  1190 | D:2      | 1190 ||| READING 3 scrolls of identify.
  1190 | D:2      | 1190 ||| IDENTIFYING scroll labelled SIULONL YRPHO
  1191 | D:2      | 1191 ||| READING 2 scrolls of identify.
  1191 | D:2      | 1191 ||| IDENTIFYING scroll labelled PUVYEJ UTUME
  1192 | D:2      | 1192 ||| READING scroll of identify.
  1192 | D:2      | 1192 ||| IDENTIFYING scroll labelled FIXTOL COJ JAR
  1193 | D:2      | 1193 ||| DROPPING scroll of torment.
  1194 | D:2      | 1194 ||| DROPPING scroll of fog.
  1195 | D:2      | 1195 ||| DROPPING scroll of immolation.
  1262 | D:3      | 1262 ||| DRINKING golden potion.
  1276 | D:3      | HP: 5/25 [something (2)]
  1280 | D:3      | Reached skill level 8 in Ranged Weapons
  1564 | D:3      | Identified the +8 trident of Osaliugo {flame, rF+ Dex+2
                  | Stlth+}
  1674 | D:3      | Noticed Robin
  1684 | D:3      | Killed Robin
  1685 | D:3      | Reached XP level 5. HP: 21/29 MP: 7/7
  2117 | D:3      | Found a hide-covered altar of Uskayaw.
  2118 | D:3      | Found a glowing golden altar of the Shining One.
  2120 | D:3      | Found an iron altar of Okawaru.
  2121 | D:3      | 2121 ||| PLANNING OKAWARU WORSHIP
  2121 | D:3      | 2121 ||| UPGRADING to +0 helmet.
  2126 | D:3      | 2126 ||| READING scroll labelled DALIJI WUTUAPLI.
  2227 | D:3      | 2227 ||| DRINKING 2 fizzy white potions.
  2228 | D:3      | 2228 ||| DROPPING potion of invisibility.
  2233 | D:3      | Became a worshipper of Warmaster Okawaru
  2234 | D:3      | 2234 ||| PLANNING D:1-11
  2293 | D:4      | 2293 ||| PLANNING SEWER
  2422 | D:4      | Reached skill level 9 in Ranged Weapons
  2501 | D:4      | Reached XP level 6. HP: 33/35 MP: 8/8
  2516 | D:4      | Reached * piety under Okawaru
  2541 | D:4      | Killed from afar by an orc priest

Levels and vault maps discovered:
D:1:      minmay_arrival_radiant_lines, layout_loops_ring, minmay_tiny_reverse_x
D:2:      layout_rooms, basic_altar, serial_bayou_ford_a
D:3:      layout_basic, minitemple, uniq_robin
D:4:      layout_loops_ring, lemuel_doored_altar, gup_sewer_entry_spiral,
          lemuel_flame_loot_1

Skill      XL: |  1  2  3  4  5 |
---------------+----------------+-----
Ranged Weapons | 6 7 8 9 |  9.8
Fighting       | 2 |  2.1
Dodging        | |  2.4
Stealth        | |  1.2

Action                     |  1- 3 |  4- 6 || total
---------------------------+-------+-------++-------
   Fire: Shortbow          |    70 |   179 ||   249
    Use: Scroll            |     6 |     4 ||    10
         Potion            |     2 |     2 ||     4
 Armour: Leather armour    |     4 |       ||     4
         Ring mail         |    36 |    67 ||   103
  Dodge: Dodged            |    38 |    50 ||    88

Table legend:
 A = Non-vault XP
 B = Vault XP
 C = Vault XP percentage of total XP
 D = Non-vault monster count
 E = Vault monster count
 F = Vault count percentage of total count
                 A         B        C        D         E       F
            +---------+---------+-------+---------+---------+-------
      Total |     450 |      41 |   8.4 |      66 |      15 |  18.5
            +---------+---------+-------+---------+---------+-------
        D:1 |      80 |       3 |   3.6 |      25 |       2 |   7.4
        D:2 |      48 |       0 |   0.0 |      15 |       0 |   0.0
        D:3 |      75 |      38 |  33.6 |      14 |      13 |  48.1
        D:4 |     247 |       0 |   0.0 |      12 |       0 |   0.0
            +---------+---------+-------+---------+---------+-------
